Description

A pressure similar to Byul's is great vs Hellion openers and then you transition into standard ling-bane-muta play. This VoD/Replay shows it going quite late in a ladder game vs TOP.

Byul's RR Pressure: https://www.youtube.com/watch?v=8zkT_oGBlVs

VOD

https://www.youtube.com/watch?v=KEoJpdlB0vw

Replay - ZvT Lategame vs TOP

Build Order

Get SALT Encoding   

  12  0:00  Drone  
  13  0:13  Overlord  
  13  0:17  Drone  
  14  0:32  Drone x3  
  17  0:53  Hatchery  
  17  0:56  Drone x2  
  18  1:12  Extractor  
  18  1:15  Spawning Pool  
  18  1:18  Drone x2  
  18  1:29  Drone  
  19  1:46  Overlord  
  20  2:02  Queen x2  
  20  2:04  Zergling x4  
  26  2:13  Metabolic Boost  
  27  2:16  Zergling x2  
  31  2:41  Queen  
  33  2:44  Overlord  
  36  3:07  Hatchery  
  37  3:18  Overlord  
  40  3:33  Extractor  
  45  3:41  Roach Warren  
  45  3:46  Overlord  
  43  4:15  Queen  
  45  4:23  Roach x9  
  62  4:30  Queen  
  64  4:35  Spore Crawler x2  
  68  4:46  Ravager x2  
  78  5:12  Evolution Chamber x2  
  75  6:03  Zerg Melee Weapons Level 1, Zerg Ground Armor Level 1  
  75  6:04  Lair  
  76  6:06  Baneling Nest  
  74  6:14  Extractor x3  
  74  6:17  Hatchery  
  73  6:29  Queen  
  80  6:41  Roach  
  98  7:02  Glial Reconstitution, Centrifical Hooks  
  95  7:14  Queen x2  
  106  7:46  Overseer  
  122  7:54  Spore Crawler  
  120  8:11  Spore Crawler  
  119  8:15  Zerg Ground Armor Level 2, Zerg Melee Weapons Level 2  
  119  8:19  Extractor x2, Zergling x14  
  127  8:22  Spire  
  136  8:42  Baneling x10  
  146  9:12  Overseer  
  146  9:13  Hatchery x2  
  151  9:21  Queen  
  147  9:37  Mutalisk x6  
  156  9:54  Hatchery x2  
  156  9:55  Mutalisk x4  
Spawning Tool Build Advisor. Get it on Overwolf

Go to:

Details

  • Created by: PiG      
  • Published on: Jun 08, 2017
  • Modified on: Jun 08, 2017
  • Patch: 3.8.0
Show
View Real Time Build Order
Export as new Build Order

Comments (0)

There are no comments. Be the first!

Create an account to comment!